 Dungeon Crawl Stone Soup version 0.27.1-33-g824d729ab1 (webtiles) character file.

Game seed: 91049622314790369

193 belegose the Insei (level 6, -7/43 HPs)
             Began as a Djinni Transmuter on Dec 5, 2021.
             Mangled by a gnoll (11 damage)
             ... on level 3 of the Dungeon.
             The game lasted 00:09:14 (5034 turns).

belegose the Insei (Djinni Transmuter)              Turns: 5034, Time: 00:09:14

Health: -7/43      AC:  2    Str: 10 (11) XL:     6   Next: 2%
Gold:   111        EV: 13    Int: 12 (15) God:
                   SH:  0    Dex: 12 (13)

rFire    + + +     SeeInvis .     - Unarmed
rCold    + . .     Faith    .   (no shield)
rNeg     . . .     Spirit   .   a - +0 robe
rPois    ∞         Reflect  .   (no helmet)
rElec    +         Harm     .   (no cloak)
rCorr    +         Rampage  .   (no gloves)
Will     .....                  (boots unavailable)
Stlth    ++........             (no amulet)
HPRegen  0.14/turn              e - ring of protection from cold
MPRegen  0.00/turn              (no ring)

@: resistant, on berserk cooldown, attractive, flying, very slightly
contaminated, slowed, very slow
A: sickness immunity, fire resistance 2, cold vulnerability 1, float, innate
caster, hp casting, extra vitality 1
a: no special abilities


You were on level 3 of the Dungeon.
You visited 1 branch of the dungeon, and saw 3 of its levels.

You collected 111 gold pieces.

Inventory:

Missiles
 d - 101 stones
 j - 14 poisoned darts (quivered)
 l - 6 javelins
Armour
 a - a +0 robe (worn)
Jewellery
 e - a ring of protection from cold (left hand)
Scrolls
 g - a scroll of noise {unknown}
 h - 2 scrolls of identify {unknown}
 i - a scroll of torment {unknown}
 k - 2 scrolls of immolation {unknown}
 m - 2 scrolls of magic mapping {unknown}
 p - a scroll of fear {unknown}
 q - a scroll of enchant armour {unknown}


   Skills:
 + Level 1.8 Fighting
 - Level 3.4 Dodging
 + Level 1.0 Stealth
 - Level 4.3 Unarmed Combat
 + Level 2.6 Spellcasting


You couldn't memorise any spells.
You knew the following spells:

 Your Spells              Type           Power      Damage    Failure   Level
a - Beastly Appendage     Tmut           14%        N/A       9%          1
b - Wereblood             Tmut           7%         N/A       13%         2
c - Spider Form           Tmut/Pois      3%         N/A       26%         3
d - Ice Form              Ice/Tmut       7%         N/A       65%         4
e - Sandblast             Erth           14%        2d6       9%          1
f - Call Imp              Summ           7%         N/A       13%         2
Your spell library was empty.

Dungeon Overview and Level Annotations

Branches:
Dungeon (3/15)

Altars:


Innate Abilities, Weirdness & Mutations

You are immune to sickness and miasma.
You are immune to poison.
Your flesh is very heat resistant. (rF++)
You are vulnerable to cold. (rC-)
You float through the air rather than walking.
You learn spells naturally, not from books.
Your magical power is your life essence.
You have superior vitality. (+4 HP)


Message History

Your Stealth skill increases to level 1!
You have reached level 6!
Your experience leads to an increase in your attributes!
Increase (S)trength, (I)ntelligence, or (D)exterity?
You feel stronger.
Unknown command.
You start resting.
You howl as the wereblood boils in your veins!
A gnoll comes into view. It is wielding a +0 halberd.
You howl as the wereblood boils in your veins!
You aren't carrying any items that you can evoke.
It was a potion of degeneration.
There was something very wrong with that liquid.
You feel weakened.
You feel dopey.
You feel clumsy.
The gnoll hits you from afar with a +0 halberd.
It was a potion of resistance.
You feel protected. The gnoll misses you.
It was a potion of attraction.
You feel attractive to monsters.
Your primal bloodlust is almost over.
The gnoll barely misses you.
The gnoll hits you from afar with a +0 halberd!
The gnoll is pulled toward you!
It was a potion of curing.
You feel better. The gnoll closely misses you.
Casting: Wereblood (safe; 13% risk of failure)
Confirm with . or Enter, or press ? or * to list all spells.
You miscast Call Imp.
You are very lightly contaminated with residual magic.
Nothing appears to happen.
You howl as the wereblood boils in your veins!
The gnoll closely misses you. The gnoll hits you with a +0 halberd!
Casting: Call Imp (safe; 13% risk of failure)
Confirm with . or Enter, or press ? or * to list all spells.
A beastly little devil appears in a puff of flame.
The gnoll hits you with a +0 halberd!
* * * LOW HITPOINT WARNING * * *
Unknown command.
Your primal bloodlust has ended.
The gnoll hits you from afar with a +0 halberd!
You die...

#...........#.
##........####
#..8...###.#.
##...###...##
###.###...8..#
#.#.#........#
#####.#...........
#.5...##.8........
#@######.....8)...
#.# ##........8
#g# #......... #)#
##........ #)#
#..8...## #.#
##...#### #.#####
#.#####.
#.....#####.#....#
#####..##....####.


You could see a gnoll (ally target) and a friendly crimson imp (summoned).

Vanquished Creatures
  4 gnolls
  2 adders
  4 dart slugs
  2 endoplasms
  3 giant cockroaches
  9 goblins
  8 hobgoblins
  4 jackals
  8 kobolds
  2 quokkas
  6 ball pythons
  4 bats
  6 frilled lizards
  5 rats
67 creatures vanquished.

Vanquished Creatures (collateral kills)
  An ogre (D:3)
  A gnoll (D:3)
2 creatures vanquished.

Grand Total: 69 creatures vanquished

Notes
Turn   | Place    | Note
-------+----------+-------------------------------------------
     0 | D:1      | belegose the Djinni Transmuter began the quest for the Orb.
     0 | D:1      | Reached XP level 1. HP: 17/17 MP: 0/0
   405 | D:1      | Reached XP level 2. HP: 9/22 MP: 0/0
   788 | D:1      | Reached XP level 3. HP: 12/27 MP: 0/0
   788 | D:1      | Learned a level 1 spell: Sandblast
  2040 | D:2      | Reached XP level 4. HP: 31/32 MP: 0/0
  3132 | D:3      | Noticed an ogre
  4104 | D:3      | Reached skill level 4 in Unarmed Combat
  4104 | D:3      | Reached XP level 5. HP: 15/37 MP: 0/0
  4104 | D:3      | Learned a level 2 spell: Call Imp
  4454 | D:3      | Killed an ogre
  5024 | D:3      | Reached skill level 1 in Stealth
  5024 | D:3      | Reached XP level 6. HP: 31/43 MP: 0/0
  5034 | D:3      | Mangled by a gnoll

Illustrated notes

Levels and vault maps discovered:
D:1:      onia_arrival_pentagram, layout_basic
D:2:      minmay_alternating_diamond, layout_basic
D:3:      minmay_skewed_foursquare, layout_loops_ring, st_stairs_12,
          minmay_misc_feat_pillars

Skill      XL: |  1  2  3  4  5 |
---------------+----------------+-----
Spellcasting   | 2 |  2.6
Dodging        | 3 |  3.4
Unarmed Combat | 4 |  4.3
Stealth        | 1 |  1.0
Fighting       | |  1.8

Action                   |  1- 3 |  4- 6 || total
-------------------------+-------+-------++-------
Melee: Unarmed           |   101 |   142 ||   243
       Headbutt          |    10 |     9 ||    19
       Punch             |     3 |     1 ||     4
Throw: Dart              |       |     3 ||     3
 Cast: Beastly Appendage |    23 |    21 ||    44
       Call Imp          |       |     6 ||     6
       Wereblood         |       |     3 ||     3
  Use: Potion            |       |     5 ||     5
 Stab: Sleeping          |     1 |       ||     1
Armor: Robe              |    21 |    23 ||    44
Dodge: Dodged            |    59 |   109 ||   168
